 Dungeon Crawl Stone Soup version 0.27-a0-1332-g84bddb5ca7 (webtiles) character file.

Game seed: 11633280014270112552

31 Brandom the Sneak (level 3, -3/29 HPs)
             Began as a Demonspawn Delver on June 25, 2021.
             Slain by a kobold brigand (9 damage)
             ... on level 4 of the Dungeon.
             The game lasted 00:03:24 (946 turns).

Brandom the Sneak (Demonspawn Delver)                Turns: 946, Time: 00:03:25

Health: -3/29      AC:  6    Str: 13    XL:     3   Next: 7%
Magic:  3/3        EV: 12    Int: 11    God:
Gold:   32         SH:  0    Dex: 14    Spells: 2/2 levels left

rFire    . . .     SeeInvis .   a - +0 falchion
rCold    . . .     Faith    .   (no shield)
rNeg     . . .     Spirit   .   b - +0 leather armour
rPois    .         Reflect  .   (no helmet)
rElec    .         Harm     .   (no cloak)
rCorr    .         Rampage  .   g - +0 pair of gloves
Will     .....                  (no boots)
Stlth    ++........             (no amulet)
HPRegen  0.09/turn              (no ring)
MPRegen  0.16/turn              (no ring)

@: no status effects
A: slimy green scales 1, magic regeneration
a: no special abilities


You were on level 4 of the Dungeon.
You visited 1 branch of the dungeon, and saw 2 of its levels.

You collected 32 gold pieces.

Inventory:

Hand Weapons
 a - a +0 falchion (weapon)
Missiles
 e - 5 boomerangs (quivered)
Armour
 b - a +0 leather armour (worn)
 g - a +0 pair of gloves (worn)
   (You found it on level 5 of the Dungeon)
Wands
 v - a wand of digging (3)
Scrolls
 c - a scroll of fog
 d - a scroll of magic mapping
Potions
 f - a potion of haste {@q3}


   Skills:
 * Level 3.4 Fighting
 * Level 2.3 Long Blades
 + Level 0.7 Armour
 + Level 2.0 Dodging
 - Level 4.5 Stealth


You had 2 spell levels left.
You didn't know any spells.
Your spell library was empty.

Dungeon Overview and Level Annotations

Branches:
Dungeon (5/15)
 Temple: D:4-7

Altars:
Makhleb
Nemelex Xobeh
Uskayaw

Shops:
D:5 [

Annotations:
D:4 Grinder


Innate Abilities, Weirdness & Mutations

You are partially covered in slimy green scales. (AC +2)
You regenerate magic rapidly.


Message History

Things that are here:
a +0 short sword; 2 stones
There is a dry fountain here.
A gnoll comes into view. It is wielding a +0 spear.
Found a stone staircase leading down.
Found a trident.
A ball python comes into view.
The helpless ball python fails to defend itself.
You slash the ball python!
You kill the ball python!
A ball python comes into view.
The ball python hisses angrily.
The ball python closely misses you. x2
You closely miss the ball python. The ball python misses you.
The ball python closely misses you.
You hit the ball python.
You kill the ball python!
No target in view!
No target in view!
Found a scroll labelled RIECANKEATH and 15 gold pieces.
A hobgoblin and Grinder come into view.
Found a short sword and 11 gold pieces.
Found a stone staircase leading down.
Found a stone staircase leading up.
A ball python and a kobold brigand come into view.
The ball python hisses angrily.
The kobold brigand shouts!
The kobold brigand unwields a +0 whip.
The kobold brigand wields a +0 hand crossbow.
The kobold brigand shoots a bolt.
The bolt hits you.
Unknown command.
The kobold brigand shoots a bolt.
The bolt hits you but does no damage.
The kobold brigand shoots a bolt.
The bolt hits you!
The kobold brigand shoots a bolt.
The bolt hits you!
* * * LOW HITPOINT WARNING * * *
Found an escape hatch in the floor.
The ball python closely misses you.
You riposte.
You barely miss the ball python. The ball python misses you.
You slash the ball python!
You kill the ball python!
You hit the kobold brigand.
The kobold brigand unwields a +0 hand crossbow.
The kobold brigand wields a +0 whip.
The kobold brigand closely misses you.
You hit the kobold brigand but do no damage.
The kobold brigand completely misses you.
You hit the kobold brigand.
The kobold brigand hits you with a +0 whip.
* * * LOW HITPOINT WARNING * * *
You hit the kobold brigand.
The kobold brigand hits you with a +0 whip!
You die...

......#
......#.....#.........#
......#...>.#.........##
......#<....#.........>.
......#.....#.........#
......#.....#.........#
......#.....#.........#
...........##..†......#
####...........K@.....#
####.########.........#
.......# #.........#
####.#.# ###########
#.#.# #.#.# #.#.# #.#.#
#...#


You could see a kobold brigand.

Vanquished Creatures
  2 adders (D:5)
  An adder zombie (D:5)
  An orc (D:5)
  3 ball pythons (D:4)
  2 jackals (D:4)
  A kobold (D:4)
10 creatures vanquished.

Notes
Turn   | Place    | Note
-------+----------+-------------------------------------------
     0 | D:5      | Brandom the Demonspawn Delver began the quest for the Orb.
     0 | D:5      | Reached XP level 1. HP: 18/18 MP: 1/1
    22 | D:5      | Noticed an ogre
    80 | D:5      | Noticed a howler monkey
    81 | D:5      | Gained mutation: You are partially covered in slimy green
                  | scales. (AC +2) [demonic ancestry]
    81 | D:5      | Reached XP level 2. HP: 6/24 MP: 2/2
    85 | D:5      | HP: 1/24 [howler monkey (6)]
   592 | D:5      | Found Ewimm's Antique Armour Shop.
   743 | D:4      | Found a sparkling altar of Nemelex Xobeh.
   747 | D:4      | Found a burning altar of Makhleb.
   747 | D:4      | Found a hide-covered altar of Uskayaw.
   761 | D:4      | Gained mutation: You regenerate magic rapidly. [demonic
                  | ancestry]
   761 | D:4      | Reached XP level 3. HP: 21/29 MP: 3/3
   903 | D:4      | Noticed Grinder
   937 | D:4      | Noticed a kobold brigand
   946 | D:4      | Slain by a kobold brigand

Illustrated notes

Levels and vault maps discovered:
D:4:      layout_basic, kennysheep_mini, gammafunk_temple_overflow_forgotten,
          gammafunk_ghost_abyssal_escape, uniq_duvessa, uniq_grinder
D:5:      layout_basic, amcnicky_altar_gilded, trog_antimagical, serial_shops,
          shop, nicolae_shop_waterfront

Skill      XL: |  1  2 |
---------------+-------+-----
Long Blades    | 2 |  2.3
Dodging        | 2 |  2.0
Fighting       | |  3.4
Armour         | |  0.7
Stealth        | |  4.5

Action                   || total
-------------------------++-------
Melee: Falchion          ||    52
  Use: Scroll            ||     1
 Stab: Sleeping          ||     2
Armor: Leather armour    ||    15
Dodge: Dodged            ||    38
       Rpst.: Falchion   ||    11

Table legend: (Time is in decaauts)
 A = Elapsed time spent in this place.
 B = Non-inter-level travel time spent in this place.
 C = Inter-level travel time spent in this place.
 D = Time resting spent in this place.
 E = Time spent auto-exploring this place.
 F = Levels seen in this place.
 G = Mean time per level.
                   A        B        C        D        E       F      G
               +--------+--------+--------+--------+--------+-----+--------+
         Total |    955 |    955 |      0 |    493 |    133 |   2 |  477.5 |
       Dungeon |    955 |    955 |      0 |    493 |    133 |   2 |  477.5 |
               +--------+--------+--------+--------+--------+-----+--------+

Top non-repeatable levels by time:
     D:5: 731 daAuts
     D:4: 224 daAuts
